 Dungeon Crawl Stone Soup version 0.28.0-53-g5a82cb258f (webtiles) character file.

Game seed: 4752792633788065999

63543 DocClef the Warrior (level 15, -30/134 HPs)
             Began as a Merfolk Gladiator on June 29, 2022.
             Was the Champion of Okawaru.
             Annihilated by a very large slime creature (46 damage)
             ... on level 12 of the Dungeon.
             The game lasted 00:31:00 (23744 turns).

DocClef the Warrior (Merfolk Gladiator)            Turns: 23744, Time: 00:31:01

Health: -30/134    AC: 26    Str: 33    XL:     15   Next: 10%
Magic:  22/22      EV: 21    Int:  8    God:    Okawaru [******]
Gold:   1400       SH: 12    Dex: 16    Spells: 14/14 levels left

rFire   + + .      SeeInvis .   d - +2 trident (venom)
rCold   + . .      Faith    .   C - +0 buckler "Tysigib" {Harm rElec Will++ Str+2}
rNeg    . . .      Spirit   .   a - +6 scale mail "Lauce" {rC+ Str+2 Slay+2}
rPois   .          Reflect  +   W - +0 hat of Hubris {rF+ Str+2}
rElec   +          Harm     +   D - +1 cloak {rF+}
rCorr   .          Rampage  .   B - +2 pair of gloves
Will    +++..                   g - +0 pair of boots
Stlth   ++........              b - amulet of reflection
HPRegen 0.32/turn               P - +4 ring of protection
MPRegen 0.18/turn               S - +6 ring of strength

@: heroic
A: (nimble swimmer 2), mertail
a: Renounce Religion, Heroism, Finesse, Duel


You were on level 12 of the Dungeon.
You worshipped Okawaru.
Okawaru was exalted by your worship.
You visited 3 branches of the dungeon, and saw 19 of its levels.
You also visited: Sewer and Volcano.

You collected 1400 gold pieces.

Inventory:

Hand Weapons
 d - a +2 trident of venom (weapon)
 V - a +6 glaive of flaming
Missiles
 T - 6 throwing nets (quivered)
Armour
 a - the +6 scale mail "Lauce" (worn) {rC+ Str+2 Slay+2}
   (Okawaru gifted it to you on level 2 of the Lair of Beasts)

   Str:       It affects your strength (+2).
   Slay:      It affects your accuracy & damage with ranged weapons and melee
   (+2).
   rC:        It protects you from cold.
 c - a +1 helmet
 g - a +0 pair of boots (worn)
 B - a +2 pair of gloves (worn)
 C - the +0 buckler "Tysigib" (worn) {Harm rElec Will++ Str+2}
   (Okawaru gifted it to you on level 9 of the Dungeon)

   Str:       It affects your strength (+2).
   rElec:     It insulates you from electricity.
   Harm:      It increases damage dealt and taken.
   Will:      It greatly increases your willpower.
 D - a +1 cloak of fire resistance (worn)
 I - the +5 fire dragon scales of Zin's Anger {rF++ rC- rN++ Int+5 Dex-3}
   (You found it in a volcano)

   Int:       It affects your intelligence (+5).
   Dex:       It affects your dexterity (-3).
   rF:        It greatly protects you from fire.
   rC:        It makes you vulnerable to cold.
   rN:        It greatly protects you from negative energy.
 W - the +0 hat of Hubris (worn) {rF+ Str+2}
   (Okawaru gifted it to you on level 11 of the Dungeon)

   Str:       It affects your strength (+2).
   rF:        It protects you from fire.
Jewellery
 b - an amulet of reflection (around neck)
 z - a ring of wizardry
 M - a ring of wizardry
 N - an amulet of the acrobat
 O - a ring of flight
 P - a +4 ring of protection (left hand)
 S - a +6 ring of strength (right hand)
Wands
 k - a wand of paralysis (5)
 A - a wand of acid (30)
 E - a wand of iceblast (12)
 H - a wand of digging (15)
 L - a wand of polymorph (2)
 R - a wand of flame (8)
Scrolls
 m - 4 scrolls of fear
 n - 9 scrolls of teleportation
 o - 5 scrolls of enchant armour
 s - 9 scrolls of identify
 v - 2 scrolls of amnesia
 y - 2 scrolls of magic mapping
 F - 2 scrolls of acquirement {unknown}
 J - a scroll of holy word {unknown}
 Q - a scroll of brand weapon {unknown}
Potions
 e - 5 potions of mutation
 f - a potion of magic {unknown}
 h - 3 potions of flight
 i - 5 potions of curing
 j - a potion of experience {unknown}
 l - 2 potions of brilliance
 p - a potion of lignification
 q - 4 potions of ambrosia {unknown}
 r - 5 potions of heal wounds
 t - 2 potions of might
 u - 2 potions of attraction
 w - 5 potions of cancellation
 x - 2 potions of resistance
 G - a potion of berserk rage
 K - a potion of invisibility
 U - a potion of haste


   Skills:
 - Level 17.1(22.1) Fighting
 + Level 16.9(21.9) Polearms
 - Level 2.0(7.0) Throwing
 - Level 7.0(12.0) Armour
 - Level 15.0(20.0) Dodging
 - Level 5.0(10.0) Shields
 - Level 10.0 Invocations


You had 14 spell levels left.
You didn't know any spells.
Your spell library contained the following spells:

 Spells                   Type           Power      Damage    Failure   Level
 Apportation              Tloc           0%         N/A       65%         1
 Sting                    Tmut/Pois      0%         1d3       65%         1
 Corpse Rot               Necr/Air       0%         N/A       80%         2
 Poisonous Vapours        Pois/Air       0%         N/A       80%         2
 Frozen Ramparts          Ice            0%         1d2       95%         3
 Gell's Gravitas          Tloc           0%         N/A       95%         3
 Lesser Beckoning         Tloc           0%         N/A       95%         3
 Teleport Other           Tloc           0%         N/A       95%         3
 Ice Form                 Ice/Tmut       0%         N/A       100%        4
 Olgreb's Toxic Radiance  Pois           0%         N/A       100%        4
 Alistair's Intoxication  Tmut/Pois      0%         N/A       100%        5
 Silence                  Hex/Air        0%         N/A       100%        5
 Storm Form               Tmut/Air       0%         N/A       100%        7
 Animate Skeleton         Necr           Unusable   N/A       N/A         1
 Summon Small Mammal      Summ           Unusable   N/A       N/A         1
 Summon Ice Beast         Ice/Summ       Unusable   N/A       N/A         4
 Summon Lightning Spire   Summ/Air       Unusable   N/A       N/A         4

Dungeon Overview and Level Annotations

Branches:
Dungeon (12/15)            Temple (1/1) D:6            Lair (6/6) D:9
 Shoals (0/4) Lair:3       Spider (0/4) Lair:4        Slime (0/5) Lair:5
    Orc (0/2) D:11          Sewer (visited)         Volcano (visited)

Altars:
Cheibriados
Dithmenos
Fedhas
Gozag
Okawaru
Qazlal
Ru
Sif Muna
Trog
Uskayaw
Wu Jian
Xom
Yredelemnul
Zin
The Shining One
Jiyva

Shops:
D:8 *

Annotations:
D:7 2 transporters, Jackthecabe's ghost, novice VSBr
Lair:1 2 transporters
Lair:5 1 runed translucent door


Innate Abilities, Weirdness & Mutations

((You are very nimble when in or above water. (Stealth+, EV+, Speed+++)))
Your lower body shifts to a powerful aquatic tail in water.


Message History

The slime creature looks as sick as possible!
The slime creature is severely wounded.
You impale the slime creature!!
You kill the slime creature!
Okawaru accepts your kill.
The centaur wields a +0 shortbow.
The centaur shoots an arrow.
The arrow barely misses you.
The centaur unwields a +0 shortbow.
You block the centaur's attack. The centaur barely misses you.
You barely miss the centaur.
The centaur hits you but does no damage.
You block the centaur's attack.
Two slime creatures merge to form a very large slime creature.
You puncture the very large slime creature!
The very large slime creature is lightly wounded.
You impale the very large slime creature!!
The very large slime creature is moderately wounded.
You barely miss the very large slime creature.
The very large slime creature is moderately wounded.
You puncture the very large slime creature!
The very large slime creature is moderately wounded.
The very large slime creature hits you.
You impale the very large slime creature!!
The very large slime creature is heavily wounded.
You block the very large slime creature's attack.
You completely miss the very large slime creature.
The very large slime creature is heavily wounded.
You puncture the very large slime creature!
The very large slime creature is heavily wounded.
The very large slime creature hits you but does no damage.
You hit the very large slime creature.
The very large slime creature is heavily wounded.
You puncture the very large slime creature!
The very large slime creature is heavily wounded.
The very large slime creature hits you!!!
* * * LOW HITPOINT WARNING * * *
You impale the very large slime creature!!
The very large slime creature is severely wounded.
The very large slime creature hits you!!!
You die...

#..............
+..............
#...##...##.###
######...##...##(##
#........#........#
#........#........#
#........#........#
#........#........#
###@##...##########
##J##...##
#)c......#
#........#
#........#
#..).....#
##))....## #......#
#).......


You could see a very large slime creature and a centaur.

Vanquished Creatures
  A dire elephant (Lair:3)
  Josephine (D:11)
  Harold (D:11)
  6 hydras
  A merfolk avatar (Lair:6)
  A dancing weapon (Volcano)
  5 two-headed ogres
  9 death yaks
  Sonja (D:11)
  Nergalle (Lair:1)
  An orb spider (Lair:4)
  A sea snake (Lair:6)
  A lindwurm (Lair:6)
  Pikel (D:5)
  5 wizards (Volcano)
  A harpy (Lair:6)
  2 manticores (Lair:6)
  5 toenail golems (Volcano)
  2 merfolk sirens (Lair:3)
  3 black mambas
  32 elephants
  An ice statue (Lair:4)
  Psyche (D:11)
  A gargoyle (D:12)
  9 cane toads
  10 komodo dragons
  2 rime drakes
  A kobold demonologist (D:5)
  2 hornets (Lair:6)
  2 merfolk (Lair:3)
  A wind drake (Lair:6)
  A troll (D:11)
  14 blink frogs
  A slime creature (D:12)
  3 polar bears (Lair:6)
  A shadow (D:12)
  A spriggan (Lair:3)
  2 vampires
  4 wraiths (D:11)
  4 wyverns (D:9)
  Eustachio (D:5)
  31 yaks
  3 basilisks
  2 fire bats (Lair:1)
  2 steam dragons
  Grum (D:11)
  3 vampire mosquitoes (D:7)
  Edmund (D:6)
  2 acid dragons
  16 water moccasins
  A black bear (D:6)
  2 sky beasts
  A necrophage (D:5)
  2 orc warriors
  2 ice beasts
  6 centaurs
  24 wolves
  A phantom (D:6)
  A lemure (D:5)
  2 kobold brigands (Sewer)
  11 bullfrogs
  A gnoll sergeant (D:10)
  A scorpion (D:6)
  A water moccasin skeleton (D:6)
  12 killer bees
  2 electric eels
  10 wights
  4 centaur zombies
  A lava snake (Lair:1)
  A bullfrog zombie (D:5)
  A hound (D:5)
  2 jellies
  4 orc priests
  4 centaur skeletons
  2 bullfrog skeletons
  3 iguanas (D:6)
  7 orc wizards
  10 hell rats
  2 howler monkey zombies
  8 gnolls
  3 adders
  4 river rats (Sewer)
  13 white imps
  An ufetubus (D:5)
  2 adder skeletons (D:4)
  2 dart slugs
  25 orcs
  7 endoplasms
  5 giant cockroaches
  5 goblins
  11 hobgoblins
  5 jackals
  7 quokkas
  9 ball pythons
  3 bats
  4 frilled lizards
  13 kobolds
  3 rats
455 creatures vanquished.

Vanquished Creatures (others)
  A swamp drake (D:9)
  A wolf (Lair:6)
  A gnoll sergeant (D:9)
  3 gnolls (D:9)
  A bush (Lair:2)
  A fire vortex (Lair:1)
  97 fungi
  197 plants
302 creatures vanquished.

Grand Total: 757 creatures vanquished

Notes
Turn   | Place    | Note
-------+----------+-------------------------------------------
     0 | D:1      | DocClef the Merfolk Gladiator began the quest for the Orb.
     0 | D:1      | Reached XP level 1. HP: 16/16 MP: 1/1
   246 | D:1      | Reached skill level 5 in Polearms
   335 | D:1      | Reached XP level 2. HP: 21/22 MP: 2/2
   687 | D:1      | Found a faded altar of an unknown god.
   709 | D:1      | Reached XP level 3. HP: 27/27 MP: 3/3
  1275 | D:2      | Reached XP level 4. HP: 17/33 MP: 4/4
  2592 | D:4      | Reached XP level 5. HP: 22/38 MP: 5/5
  3306 | D:5      | Entered Level 5 of the Dungeon
  3329 | D:5      | Noticed an orc warrior
  3561 | D:5      | Noticed a troll
  3611 | D:5      | Noticed Eustachio
  3654 | D:5      | Killed Eustachio
  3655 | D:5      | Reached skill level 10 in Polearms
  3655 | D:5      | Reached XP level 6. HP: 16/44 MP: 6/6
  4000 | D:6      | Noticed a sky beast
  4006 | D:6      | Killed a sky beast
  4007 | D:6      | Reached XP level 7. HP: 38/50 MP: 7/7
  4184 | D:6      | Found a staircase to the Ecumenical Temple.
  4222 | Temple   | Entered the Ecumenical Temple
  4248 | Temple   | Became a worshipper of Warmaster Okawaru
  4334 | D:6      | Found a glowing drain.
  4356 | Sewer    | Entered a sewer
  4717 | Sewer    | Reached XP level 8. HP: 56/56 MP: 8/8
  4740 | Sewer    | Reached * piety under Okawaru
  4859 | Sewer    | Found a glowing silver altar of Zin.
  5039 | D:6      | Noticed Pikel
  5479 | D:5      | Noticed a kobold demonologist
  5489 | D:5      | Killed a kobold demonologist
  5604 | D:5      | Reached skill level 15 in Polearms
  5665 | D:5      | Reached skill level 3 in Fighting
  5788 | D:5      | Reached ** piety under Okawaru
  6028 | D:5      | Reached skill level 4 in Fighting
  6312 | D:6      | Reached XP level 9. HP: 60/66 MP: 9/9
  6351 | D:5      | Killed Pikel
  6352 | D:5      | Reached skill level 6 in Fighting
  6375 | D:6      | Reached skill level 7 in Fighting
  6476 | D:6      | Reached *** piety under Okawaru
  6640 | D:6      | Noticed Edmund
  6656 | D:6      | Killed Edmund
  6657 | D:6      | Reached skill level 8 in Fighting
  6944 | D:7      | Reached skill level 9 in Fighting
  7009 | D:7      | Noticed a two-headed ogre
  7023 | D:7      | Killed a two-headed ogre
  7023 | D:7      | Reached **** piety under Okawaru
  7024 | D:7      | Reached skill level 10 in Fighting
  7024 | D:7      | Reached XP level 10. HP: 26/86 MP: 8/10
  7329 | D:7      | Noticed Jackthecabe's ghost (novice VSBr)
  7423 | D:7      | Reached skill level 11 in Fighting
  7564 | D:7      | Found a transporter.
  7657 | D:7      | Received a gift from Okawaru
  8270 | D:7      | Found a transporter.
  8790 | D:8      | Found Gizarphoa's CLEARANCE SALE!.
  8830 | D:8      | Reached skill level 12 in Fighting
  8918 | D:8      | Reached ***** piety under Okawaru
  8928 | D:8      | Received a gift from Okawaru
  9070 | D:8      | Found a bloodstained altar of Trog.
  9070 | D:8      | Found a blossoming altar of Fedhas.
  9078 | D:8      | Found an opulent altar of Gozag.
  9080 | D:8      | Found a hide-covered altar of Uskayaw.
  9082 | D:8      | Found a faded altar of an unknown god.
  9718 | D:8      | Reached skill level 13 in Fighting
 10234 | D:9      | Noticed a two-headed ogre
 10243 | D:9      | Killed a two-headed ogre
 10249 | D:9      | Reached XP level 11. HP: 64/99 MP: 9/11
 10467 | D:9      | Reached skill level 14 in Fighting
 10942 | D:9      | Reached skill level 1 in Armour
 10946 | D:9      | Identified the +0 buckler "Tysigib" {Harm rElec Will++
                  | Str+2} (Okawaru gifted it to you on level 9 of the Dungeon)
 10946 | D:9      | Received a gift from Okawaru
 11109 | D:9      | Found a staircase to the Lair.
 11569 | D:10     | Entered Level 10 of the Dungeon
 11600 | D:10     | Noticed a two-headed ogre
 11613 | D:10     | Killed a two-headed ogre
 11626 | D:10     | Noticed a two-headed ogre
 11638 | D:10     | Killed a two-headed ogre
 11760 | D:10     | Reached skill level 5 in Armour
 11877 | D:10     | Noticed a two-headed ogre
 11885 | D:10     | Killed a two-headed ogre
 12271 | D:11     | Noticed a six-headed hydra
 12285 | D:11     | Killed a six-headed hydra
 12404 | D:11     | Noticed Sonja
 12410 | D:11     | Killed Sonja
 12744 | D:11     | Reached XP level 12. HP: 94/107 MP: 12/12
 12762 | D:11     | Reached skill level 5 in Dodging
 12874 | D:11     | Noticed Josephine
 12885 | D:11     | Killed Josephine
 13111 | Lair:1   | Entered Level 1 of the Lair of Beasts
 13129 | Lair:1   | Found a transporter.
 13170 | Lair:1   | Noticed Nergalle
 13184 | Lair:1   | Killed Nergalle
 13945 | Lair:1   | Found a transporter.
 14134 | Lair:2   | Noticed an eight-headed hydra
 14143 | Lair:1   | Killed an eight-headed hydra
 14396 | Lair:2   | Noticed a four-headed hydra
 14409 | Lair:2   | Killed a four-headed hydra
 14409 | Lair:2   | Identified the +6 scale mail "Lauce" {rC+ Str+2 Slay+2}
                  | (Okawaru gifted it to you on level 2 of the Lair of Beasts)
 14409 | Lair:2   | Received a gift from Okawaru
 14439 | Lair:2   | Found a dark tunnel.
 14445 | Volcano  | Entered a volcano
 14462 | Volcano  | Reached skill level 10 in Dodging
 14682 | Volcano  | Reached ****** piety under Okawaru
 15017 | Volcano  | Identified the +5 fire dragon scales of Zin's Anger {rF++
                  | rC- rN++ Int+5 Dex-3}
 15355 | Lair:2   | Reached XP level 13. HP: 75/113 MP: 13/13
 15648 | Lair:2   | Reached skill level 15 in Dodging
 15698 | Lair:2   | Reached skill level 1 in Invocations
 16181 | Lair:3   | Identified the +5 chain mail of Minor Irritation {+Inv rN+
                  | Dex-5 Slay+3} (Okawaru gifted it to you on level 3 of the
                  | Lair of Beasts)
 16181 | Lair:3   | Received a gift from Okawaru
 16368 | Lair:3   | Reached skill level 5 in Invocations
 16400 | Lair:3   | Found a staircase to the Shoals.
 16482 | Lair:3   | Noticed a dire elephant
 16516 | Lair:3   | Killed a dire elephant
 17231 | Lair:3   | Reached skill level 10 in Invocations
 17353 | Lair:3   | Reached skill level 1 in Shields
 17433 | Lair:3   | Identified the +0 scale mail of Icres {rC- Dex+6} (Okawaru
                  | gifted it to you on level 3 of the Lair of Beasts)
 17433 | Lair:3   | Received a gift from Okawaru
 18013 | Lair:4   | Reached XP level 14. HP: 106/120 MP: 21/21
 18532 | Lair:4   | Got the Grimoire of Air
 18698 | Lair:4   | Found a hole to the Spider Nest.
 18710 | Lair:4   | Reached skill level 5 in Shields
 19065 | Lair:5   | Found a glowing golden altar of the Shining One.
 19068 | Lair:5   | You fall into a shaft and drop 1 floor!
 19068 | Lair:6   | Entered Level 6 of the Lair of Beasts
 19358 | Lair:6   | Reached skill level 15 in Fighting
 19832 | Lair:5   | Found a runed translucent door.
 19833 | Lair:5   | Found a viscous altar of Jiyva.
 19833 | Lair:5   | Noticed an acid blob
 19833 | Lair:5   | Noticed an acid blob
 19833 | Lair:5   | Noticed an acid blob
 19837 | Lair:5   | Found a staircase to the Slime Pits.
 20709 | Lair:6   | Reached skill level 16 in Fighting
 21430 | Lair:6   | Identified the +0 robe of Gozag's Pride {Str+3 Slay+2}
 21480 | Lair:6   | Received a gift from Okawaru
 21651 | Lair:6   | Reached skill level 17 in Fighting
 22847 | D:11     | Identified the +0 hat of Hubris {rF+ Str+2} (Okawaru gifted
                  | it to you on level 11 of the Dungeon)
 22847 | D:11     | Received a gift from Okawaru
 22848 | D:11     | Reached XP level 15. HP: 134/134 MP: 22/22
 23007 | D:11     | Noticed Grum
 23019 | D:11     | Killed Grum
 23177 | D:11     | Noticed Psyche
 23184 | D:11     | Killed Psyche
 23242 | D:11     | Noticed Harold
 23249 | D:11     | Killed Harold
 23483 | D:11     | Found a staircase to the Orcish Mines.
 23744 | D:12     | Annihilated by a very large slime creature

Illustrated notes

Levels and vault maps discovered:
D:1:      heliophobic_arrival_battle_scene, layout_loops_corners,
          basic_ecumenical_altar
D:2:      layout_basic, hex_tiny
D:3:      layout_basic, roderic_roman_lattice, minmay_misc_feat_hallway
D:4:      layout_loops_cross, nicolae_concentric_dashed_squares_wild,
          minmay_liquid_box
D:5:      layout_loops_ring, uniq_eustachio
D:6:      layout_gridville, minmay_temple_entry_mist, portal_sewer_entry_f,
          kennysheep_flooded_box, uniq_edmund, uniq_pikel
D:7:      layout_basic, gammafunk_ghost_abyssal_escape
D:8:      corexii_shack_village, layout_basic,
          chequers_temple_overflow_minitemple, nicolae_shop_clearance
D:9:      layout_small_grid, erik_lair_dragon
D:10:     layout_roguey
D:11:     layout_basic, orc_0_dummy, interstate_on_off,
          hangedman_abyss_or_decor_passed, minmay_misc_feat_rows, uniq_sonja,
          uniq_grum, uniq_psyche, uniq_josephine, uniq_harold
D:12:     minmay_tile_spiral, layout_gridville
Temple:   compressed_dpeg_circular_temple
Lair:1:   gammafunk_cloud_chamber, layout_gridlike, wad_woods_03,
          grunt_megastairs_1, infiniplex_staircase_pool, uniq_nergalle
Lair:2:   layout_long_grid, nicolae_volcano_entry_s_turn,
          portal_ice_cave_entry_imps, serial_bayou_shore_b
Lair:3:   mu_elephants_graveyard, layout_loops_ring, elwin_shoals_entry_stream,
          nicolae_lair_grazing_beasts [nicolae_sub_lair_graze_edge,
          nicolae_sub_lair_graze_edge, nicolae_sub_lair_graze_edge,
          nicolae_sub_lair_graze_edge], serial_bayou_shore_a
Lair:4:   statuecave_lemuel, layout_regular_city,
          nicolae_spider_entry_orb_guardian, serial_bayou_crossing
Lair:5:   layout_gridlike, slime_altar_2, basic_altar, lemuel_fruit_tree,
          infiniplex_staircase_pool_2, serial_bayou_shore_b
Lair:6:   gammafunk_lair_ancient_temple, layout_small_grid, st_stairs_9, pond

Skill      XL: |  1  2  3  4  5  6  7  8  9 10 11 12 13 14 |
---------------+-------------------------------------------+-----
Polearms       | 5 6 7 8 10 11 13 15 16 | 16.9
Fighting       | 4 10 13 14 17 | 17.1
Armour         | 7 |  7.0
Dodging        | 14 15 | 15.0
Invocations    | 10 | 10.0
Shields        | 3 5 |  5.0
Throwing       | |  2.0

Action                   |  1- 3 |  4- 6 |  7- 9 | 10-12 | 13-15 || total
-------------------------+-------+-------+-------+-------+-------++-------
Melee: Trident           |   110 |   204 |   324 |   777 |   997 ||  2412
       Punch             |     2 |     3 |     6 |     8 |       ||    19
       Tailslap          |       |       |     1 |       |    33 ||    34
Throw: Throwing net      |       |       |     1 |     3 |       ||     4
Invok: Heroism           |       |       |     4 |     9 |     6 ||    19
       Finesse           |       |       |       |     1 |     2 ||     3
Evoke: Wand              |       |     2 |     1 |     1 |     2 ||     6
  Use: Potion            |       |     1 |       |     3 |     2 ||     6
       Scroll            |       |       |    13 |     3 |     5 ||    21
 Stab: Paralysed         |       |       |     2 |       |       ||     2
       Held in net/web   |       |       |       |     2 |       ||     2
Armor: Chain mail        |    33 |    82 |    76 |   143 |       ||   334
       Leather armour    |     1 |       |       |       |       ||     1
       Acid dragon scale |       |       |       |    34 |       ||    34
       Scale mail        |       |       |       |    45 |   264 ||   309
Dodge: Dodged            |    38 |    78 |    63 |   235 |   494 ||   908
Block: Other             |       |       |       |    28 |       ||    28
       Buckler           |       |       |       |   109 |   355 ||   464
       Reflection        |       |       |       |     3 |     7 ||    10
